 Dungeon Crawl Stone Soup version 0.31-a0-210-gccc998df9b (webtiles) character file.

Game seed: 14112619910304026789

45 qw the Shooter (level 3, -1/29 HPs)
             Began as a Minotaur Hexslinger on June 30, 2023.
             Slain by an orc
             ... wielding a +0 war axe
              (6 damage)
             ... on level 2 of the Dungeon.
             The game lasted 00:00:23 (1116 turns).

qw the Shooter (Minotaur Hexslinger)                Turns: 1116, Time: 00:00:23

Health: -1/29      AC:  5    Str: 12    XL:     3   Next: 42%
Magic:  3/3        EV: 11    Int: 10    God:
Gold:   43         SH:  0    Dex: 14    Spells: 3/4 levels left

rFire   . . .        Y - +1 sling
rCold   . . .        (no shield)
rNeg    . . .        d - +0 ring mail
rPois   .            (helmet restricted)
rElec   .            (no cloak)
rCorr   .            (no gloves)
SInv    .            (no boots)
Will    .....        (no amulet)
Stlth   +            (no ring)
HPRegen 0.24/turn    (no ring)
MPRegen 0.08/turn

%: no passive effects
@: no status effects
A: horns 2, retaliatory headbutt
a: no special abilities


You were on level 2 of the Dungeon.
You visited 1 branch of the dungeon, and saw 2 of its levels.

You collected 43 gold pieces.


Innate Abilities, Weirdness & Mutations

You have a pair of horns on your head.
You reflexively headbutt those who attack you in melee.


   Skills:
 - Level 2.0 Fighting
 - Level 4.0 Ranged Weapons
 + Level 0.2 Armour
 - Level 2.1 Dodging
 - Level 1.0 Spellcasting
 - Level 2.0 Hexes


You had 3 spell levels left.
You knew the following spells:

 Your Spells              Type           Power      Damage    Failure   Level
a - Slow                  Hex            16%        N/A       34%         1

Your spell library contained the following spells:

 Spells                   Type           Power      Damage    Failure   Level
 Inner Flame              Hex/Fire       2%         N/A       83%         3
 Portal Projectile        Hex/Tloc       4%         N/A       83%         3
 Cause Fear               Hex            2%         N/A       98%         4

Inventory:

Hand Weapons
 Y - a +1 sling (weapon)
Armour
 d - a +0 ring mail (worn)
Scrolls
 b - a scroll of identify {unknown}
Potions
 a - a potion of might {unknown}
 e - a potion of ambrosia {unknown}
 g - a potion of enlightenment {unknown}
 h - a potion of mutation {unknown}

Dungeon Overview and Level Annotations

Branches:
Dungeon (2/15)

Altars:


Message History

1076 ||| STILL FLEEEEING.
1077 ||| STILL FLEEEEING.
1078 ||| STILL FLEEEEING.
1079 ||| STILL FLEEEEING.
1080 ||| STILL FLEEEEING.
1081 ||| STILL FLEEEEING.
1082 ||| STILL FLEEEEING.
1083 ||| STILL FLEEEEING.
1084 ||| STILL FLEEEEING.
You start resting.
HP restored.
An orc comes into view. It is wielding a +0 short sword.
The orc shouts!
You shoot a sling bullet. The sling bullet hits the orc.
The orc is lightly wounded.
You shoot a sling bullet. The sling bullet barely misses the orc.
The orc shouts!
You shoot a sling bullet. The sling bullet hits the orc.
The orc is severely wounded.
An orc comes into view. It is wielding a +0 war axe.
You shoot a sling bullet. The sling bullet hits the orc.
You kill the orc!
You shoot a sling bullet.
The sling bullet closely misses the orc.
You shoot a sling bullet.
The sling bullet closely misses the orc.
You shoot a sling bullet. The sling bullet hits the orc.
The orc is heavily wounded.
The orc hits you but does no damage.
You shoot a sling bullet. The sling bullet barely misses the orc.
The orc hits you with a +0 war axe! The orc misses you.
You shoot a sling bullet. The sling bullet barely misses the orc.
The orc barely misses you. The orc hits you but does no damage.
The orc hits you with a +0 hand axe. The orc hits you with a +0 war axe.
You shoot a sling bullet. The sling bullet barely misses the orc.
The orc hits you but does no damage. The orc hits you with a +0 war axe!
You shoot a sling bullet. The sling bullet hits the orc.
You kill the orc!
The orc hits you with a +0 war axe.
You die...

###...
###.# #
#.# # #.#
# #.# #.#
#.# #.#
#.#
..######@#
......)o)#
.......#.#
..8.8..#.#
...<...#.#
..8.8..#.#
..)....#.#
.........#
##......##


You could see an orc.

Vanquished Creatures
  An adder (D:2)
  A dart slug (D:2)
  2 orcs (D:2)
  2 ball pythons
  3 endoplasms
  3 giant cockroaches (D:1)
  A goblin (D:2)
  6 jackals (D:1)
  2 quokkas
  3 bats (D:1)
  A frilled lizard (D:2)
  A kobold (D:1)
  5 rats
31 creatures vanquished.

Notes
Turn   | Place    | Note
-------+----------+-------------------------------------------
     0 | D:1      | qw the Minotaur Hexslinger began the quest for the Orb.
     0 | D:1      | Reached XP level 1. HP: 16/16 MP: 1/1
     0 | D:1      | 0 ||| qw: Version: 0.3-a-26-gee661ec
     0 | D:1      | 0 ||| qw: Game counter: 7313
     0 | D:1      | 0 ||| qw: Melee chars always use a shield: true
     0 | D:1      | 0 ||| qw: God list: Okawaru
     0 | D:1      | 0 ||| qw: Allow faded altars: false
     0 | D:1      | 0 ||| qw: Do Orc after clearing Dungeon:15 true
     0 | D:1      | 0 ||| qw: Do second Lair branch before Depths: true
     0 | D:1      | 0 ||| qw: Lair rune preference: random
     0 | D:1      | 0 ||| qw: Goals: Normal
     0 | D:1      | 0 ||| PLANNING D:1-11
   253 | D:1      | Found a faded altar of an unknown god.
   259 | D:1      | Reached skill level 3 in Ranged Weapons
   259 | D:1      | Reached XP level 2. HP: 23/23 MP: 2/2
   840 | D:1      | 840 ||| UPGRADING to +0 ring mail.
   850 | D:1      | 850 ||| DROPPING +0 robe.
   851 | D:1      | 851 ||| READING scroll labelled TEEDELLAOSA.
   852 | D:1      | 852 ||| DROPPING scroll of poison.
   971 | D:2      | Reached XP level 3. HP: 28/29 MP: 3/3
  1065 | D:2      | Reached skill level 4 in Ranged Weapons
  1074 | D:2      | 1074 ||| FLEEEEING.
  1075 | D:2      | 1075 ||| FLEEEEING.
  1115 | D:2      | HP: 4/29 [orc/+0 war axe (8)]
  1116 | D:2      | Slain by an orc

Levels and vault maps discovered:
D:1:      saegor_arrival_simple_b, layout_loops_corners,
          ebering_ecumenical_altar_hall
D:2:      layout_loops_cross, st_stairs_14

Skill      XL: |  1  2  3 |
---------------+----------+-----
Ranged Weapons | 3 4 |  4.0
Fighting       | 2 |  2.0
Armour         | |  0.2
Dodging        | |  2.1
Spellcasting   | |  1.0
Hexes          | |  2.0

Action                     || total
---------------------------++-------
   Fire: Sling             ||    94
    Use: Scroll            ||     1
 Armour: Robe              ||     5
         Ring mail         ||     6
  Dodge: Dodged            ||    39

Table legend:
 A = Non-vault XP
 B = Vault XP
 C = Vault XP percentage of total XP
 D = Non-vault monster count
 E = Vault monster count
 F = Vault count percentage of total count
                 A         B        C        D         E       F
            +---------+---------+-------+---------+---------+-------
      Total |      66 |       2 |   2.9 |      30 |       1 |   3.2
            +---------+---------+-------+---------+---------+-------
        D:1 |      35 |       0 |   0.0 |      21 |       0 |   0.0
        D:2 |      31 |       2 |   6.1 |       9 |       1 |  10.0
            +---------+---------+-------+---------+---------+-------
